 Dungeon Sprint DCSS version 0.29-a0-337-g68df138881 (webtiles) character file.

Game seed: 6794027730591378180

26 mhtbhm the Skirmisher (level 2, -6/29 HPs)
             Began as a Minotaur Fighter on Apr 16, 2022.
             Mangled by a water elemental (15 damage)
             ... in the Dungeon (Sprint III: "The Ten Rune Challenge").
             The game lasted 00:00:34 (242 turns).

mhtbhm the Skirmisher (Minotaur Fighter)             Turns: 242, Time: 00:00:35

Health: -6/29      AC:  8    Str: 20    XL:     2   Next: 89%
Magic:  1/1        EV: 10    Int:  5    God:
Gold:   26         SH:  4    Dex:  9    Spells: 1/1 levels left

rFire   + . .      SeeInvis .   a - +0 war axe
rCold   . . .      Faith    .   c - +0 buckler
rNeg    . . .      Spirit   .   b - +2 ring mail {rF+}
rPois   .          Reflect  .   (helmet restricted)
rElec   .          Harm     .   (no cloak)
rCorr   .          Rampage  .   (no gloves)
Will    .....      Rage     1%  (no boots)
Stlth   .......... NoTele   +   (no amulet)
HPRegen 0.09/turn               (no ring)
MPRegen 0.07/turn               (no ring)

@: engulfed (cannot breathe)
A: horns 2, retaliatory headbutt, talons 1, berserk 1
a: no special abilities


You were in the Dungeon.
You visited 1 branch You collected 26 gold pieces.

Inventory:

Hand Weapons
 a - a +0 war axe (weapon)
Armour
 b - a +2 ring mail of fire resistance (worn)
 c - a +0 buckler (worn)
Scrolls
 j - a scroll of blinking
 k - a scroll of torment {unknown}
 l - 4 scrolls of identify
 n - a scroll of holy word {unknown}
Potions
 d - a potion of might
 e - a potion of curing
 f - a potion of mutation
 g - 2 potions of haste
 h - 2 potions of magic
 i - 2 potions of berserk rage
 m - 2 potions of flight
 o - a potion of lignification {unknown}


   Skills:
 + Level 5.2 Fighting
 + Level 3.5 Axes
 + Level 5.2 Armour
 + Level 0.1 Dodging
 + Level 5.1 Shields


You had one spell level left.
You didn't know any spells.
Your spell library was empty.

Dungeon Overview and Level Annotations

Branches:
Dungeon (1/1)

Altars:


Innate Abilities, Weirdness & Mutations

You have a pair of horns on your head.
You reflexively headbutt those who attack you in melee.
You have sharp toenails.
You tend to lose your temper in combat.


Message History

You miss the human. Your headbutt misses the human.
The human is severely wounded.
You block the human's attack. The human hits you.
You slash the human! You headbutt the human.
You kill the human!
Your Fighting skill increases to level 5!
Your Axes skill increases to level 3!
Your Armour skill increases to level 5!
Your Shields skill increases to level 5!
You see here a human corpse.
You open the door.
Found 26 gold pieces and 2 lumpy golden potions.
There is an open door here.
You now have 16 gold pieces.
f - a lumpy golden potion;
k - a scroll labelled FYOTUR VATSEM
l - 2 scrolls of identify
i - 2 potions of berserk rage (gained 1)
m - 2 potions of flight
f - 2 lumpy golden potions (gained 1);
n - a scroll labelled EPIRGH OCUO
l - 4 scrolls of identify (gained 2);
o - a fizzy dark potion
g - 2 potions of haste (gained 1)
You now have 26 gold pieces (gained 10).
It was a potion of mutation.
You feel extremely strange.
You feel a little pissed off.
Your toenails lengthen and sharpen.
There is an open door here.
You start waiting.
You enter the shallow water.
Moving in this stuff is going to be slow.
You open the door.
A water elemental comes into view.
Unknown command.
You aren't carrying any items that you can evoke.
Unknown command.
The water elemental hits you.
The water elemental engulfs you in water!
You closely miss the water elemental. You headbutt the water elemental.
The water elemental is moderately damaged.
Your lungs strain for air!
The water elemental hits you! x2
Ouch! That really hurt!
You die...

▓▓▓▓▓▓▓▓▓▓▓ ▓▓▓
<.#..'....♣♣♣ ♣.#
..#..#....♣.♣ ♣.#
#'####....♣.♣ ..#
.....#....≈♣♣♣♣♣.# #+#+#
.....#...≈≈..♣.♣.#......
....(#..≈≈≈≈....@E.⌠....
####'#..≈≈≈≈≈≈.♣.#...###
..[..#.≈≈≈≈≈≈....# ⌠.#
.....#.≈≈≈≈≈.....# .#
.....#.≈≈≈.......# #
'#####.....†.....#
.................#
▓▓▓▓▓▓▓▓▓▓▓▓▓▓▓▓▓▓


You could see a water elemental.

Vanquished Creatures
  A human (D)
  A phantom (D)
  An endoplasm (D)
  3 rats (D)
6 creatures vanquished.

Vanquished Creatures (others)
  A plant (D)
1 creature vanquished.

Grand Total: 7 creatures vanquished

Notes
Turn   | Place    | Note
-------+----------+-------------------------------------------
     0 | D        | mhtbhm the Minotaur Fighter began the quest for the Orb.
     0 | D        | Reached XP level 1. HP: 19/19 MP: 0/0
   109 | D        | Reached XP level 2. HP: 28/28 MP: 1/1
   136 | D        | Reached skill level 5 in Fighting
   136 | D        | Reached skill level 5 in Armour
   136 | D        | Reached skill level 5 in Shields
   163 | D        | Gained mutation: You tend to lose your temper in combat.
                  | [potion of mutation]
   163 | D        | Gained mutation: You have sharp toenails. [potion of
                  | mutation]
   239 | D        | Noticed a water elemental
   242 | D        | Mangled by a water elemental

Illustrated notes

Levels and vault maps discovered:
D:        dungeon_sprint_mu [sprint_mu_entry_forest, sprint_mu_temple_rooms,
          sprint_mu_d1_horrors, sprint_mu_d2_genie, sprint_mu_d3_branching,
          sprint_mu_orc_legion, sprint_mu_elf_gauntlet, sprint_mu_hive_nellie,
          sprint_mu_lair_fedhas, sprint_mu_vaults_butterflies,
          sprint_mu_slime_circle, sprint_mu_swamp_cave, sprint_mu_snake_twists,
          sprint_mu_blade_basic, sprint_mu_crypt_chambers,
          sprint_mu_tomb_spiral, sprint_mu_vestibule_basic,
          sprint_mu_gehenna_hellfire, sprint_mu_dis_giant,
          sprint_mu_tartarus_statrot, sprint_mu_cocytus_islands, sprint_mu_zot1]

Skill      XL: |  1  2 |
---------------+-------+-----
Fighting       | 4 5 |  5.2
Armour         | 4 5 |  5.2
Shields        | 4 5 |  5.1
Axes           | 3 |  3.5
Dodging        | |  0.1

Action                   || total
-------------------------++-------
Melee: War axe           ||    21
       Headbutt          ||     3
  Use: Potion            ||     2
Armor: Scale mail        ||     1
       Ring mail         ||     7
Dodge: Dodged            ||     5
Block: Buckler           ||     6

Table legend: (Time is in decaauts)
 A = Elapsed time spent in this place.
 B = Non-inter-level travel time spent in this place.
 C = Inter-level travel time spent in this place.
 D = Time resting spent in this place.
 E = Time spent auto-exploring this place.
 F = Levels seen in this place.
 G = Mean time per level.
                   A        B        C        D        E       F      G
               +--------+--------+--------+--------+--------+-----+--------+
         Total |    252 |    252 |      0 |    120 |      1 |   1 |  252.0 |
       Dungeon |    252 |    252 |      0 |    120 |      1 |   1 |  252.0 |
               +--------+--------+--------+--------+--------+-----+--------+

Top non-repeatable levels by time:
       D: 252 daAuts
